 Dungeon Sprint DCSS version 0.29-a0-307-gecccbbdb84 (webtiles) character file.

Game seed: 10858266322746568166

1160 Conn the Arsonist (level 8, -10/46 HPs)
             Began as an Octopode Fire Elementalist on Mar 27, 2022.
             Was a Follower of Sif Muna.
             Shot with a bolt by a yaktaur (21 damage)
             ... in the Dungeon (Sprint II: "The Violet Keep of Menkaure").
             The game lasted 00:06:43 (366 turns).

Conn the Arsonist (Octopode Fire Elementalist)       Turns: 366, Time: 00:06:46

Health: -10/46     AC:  1    Str:  7    XL:     8   Next: 39%
Magic:  1/19       EV: 15    Int: 20    God:    Sif Muna [*.....]
Gold:   486        SH:  0    Dex: 12    Spells: 9/22 levels left

rFire   . . .      SeeInvis .     - Unarmed
rCold   . . .      Faith    .   (no shield)
rNeg    . . .      Spirit   .   (helmet restricted)
rPois   .          Reflect  .   (no amulet)
rElec   .          Harm     .   (no ring)
rCorr   .          Rampage  .   (no ring)
Will    .....      NoTele   +   (no ring)
Stlth   +++++.....              (no ring)
HPRegen 0.15/turn               (no ring)
MPRegen 0.16/turn               (no ring)
                                (no ring)
                                (no ring)

@: no status effects
A: almost no armour, amphibious, 8 rings, camouflage 1, gelatinous body 1,
(nimble swimmer 1), tentacles
a: Renounce Religion, Channel Magic


You were in the Dungeon.
You worshipped Sif Muna.
Sif Muna was aware of your devotion.
You visited 1 branch You collected 486 gold pieces.

Inventory:

Potions
 a - a potion of magic


   Skills:
 + Level 6.4 Dodging
 + Level 7.8 Stealth
 + Level 5.0 Unarmed Combat
 + Level 7.7 Spellcasting
 * Level 4.6 Conjurations
 + Level 0.8 Hexes
 + Level 11.8 Fire Magic
 * Level 4.2 Invocations


You had 9 spell levels left.
You knew the following spells:

 Your Spells              Type           Power      Damage    Failure   Level
a - Foxfire               Conj/Fire      100%       2x1d9     1%          1
b - Conjure Flame         Conj/Fire      40%        6-21      1%          3
c - Inner Flame           Hex/Fire       32%        N/A       1%          3
d - Flame Wave            Conj/Fire      40%        2d9       3%          4
e - Scorch                Fire           100%       2d10      1%          2

Your spell library contained the following spells:

 Spells                   Type           Power      Damage    Failure   Level


Dungeon Overview and Level Annotations

Branches:
Dungeon (1/1)

Altars:
Cheibriados
Dithmenos
Elyvilon
Fedhas
Gozag
Hepliaklqana
Kikubaaqudgha
Makhleb
Nemelex Xobeh
Okawaru
Qazlal
Ru
Sif Muna
Trog
Uskayaw
Vehumet
Wu Jian
Xom
Yredelemnul
Zin
The Shining One
Beogh
Jiyva
Lugonu


Innate Abilities, Weirdness & Mutations

You cannot wear most types of armour.
You are amphibious.
You can wear up to eight rings at the same time.
Your skin changes colour to match your surroundings (Stealth+).
Your rubbery body absorbs attacks. (AC +1, EV +1)
((You are camouflaged when in or above water. (Stealth+)))
You have tentacles for arms and can constrict up to eight enemies at once.


Message History

Casting: Foxfire (safe; 1% risk of failure)
Confirm with . or Enter, or press ? or * to list all spells.
Okay, then.
Okay, then.
Casting: Foxfire (safe; 1% risk of failure)
Confirm with . or Enter, or press ? or * to list all spells.
Aiming: Inner Flame (safe; 1% risk of failure)
Press: ? - help, Dir - move target, f - yaktaur
Aim: a yaktaur (heavily wounded, chance to affect: 73%)
The yaktaur struggles to resist.
The flying skull gives a hideous shriek! x2
The yaktaur wields a +0 arbalest.
The yaktaur shoots a bolt.
The bolt hits you!
* * * LOW HITPOINT WARNING * * *
You hear a hideous shriek!
Casting: Inner Flame (safe; 1% risk of failure)
Confirm with . or Enter, or press ? or * to list all spells.
You conjure some foxfire!
Casting: Foxfire (safe; 1% risk of failure)
Confirm with . or Enter, or press ? or * to list all spells.
Aiming: Inner Flame (safe; 1% risk of failure)
Press: ? - help, Dir - move target, f/p - yaktaur
Aim: a yaktaur, wielding a +0 arbalest (heavily wounded, chance to affect: 73%)
The yaktaur is filled with an inner flame.
The foxfire hits the hornet but does no damage.
The hornet is moderately wounded.
The foxfire hits the hornet.
The hornet is heavily wounded.
Casting: Inner Flame (safe; 1% risk of failure)
Confirm with . or Enter, or press ? or * to list all spells.
You conjure some foxfire!
Unknown command.
Okay, then.
Unknown command.
You feel better.
The foxfire hits the hornet but does no damage.
The hornet is heavily wounded.
The foxfire hits the hornet.
The hornet is severely wounded.
The hornet barely misses you.
The yaktaur shoots a bolt.
The bolt hits you!!
You die...

≈≈.....≈#†########+
≈≈≈≈≈..≈#..._._._#≈≈≈##
≈≈§≈≈≈.≈#_.c._._.#§≈≈≈##
≈≈≈≈≈≈≈≈#._§§§_._#≈≈≈≈§#
≈§≈≈≈≈§≈#_.§§§._.#§§§§≈≈
≈≈§≈≈§≈≈#._§§§_..#≈≈≈≈≈§
§≈≈###≈≈#_._._...#§§≈≈§S
#≈§ #≈≈#._._...y#S≈§≈§≈
#≈≈#.._....@#S≈§§▓
≈≈≈≈##########≈§≈§▓z
#####≈≈≈≈≈≈≈≈≈≈≈≈≈▓z
§###≈########≈▓▓▓▓▓ ▓▓


You could see a yaktaur (inner flame), a hornet, 2 water moccasins and a flying
skull.

Vanquished Creatures
  3 polar bears (D)
  2 wyverns (D)
  4 necrophages (D)
9 creatures vanquished.

Vanquished Creatures (others)
  20 foxfires (D)
20 creatures vanquished.

Grand Total: 29 creatures vanquished

Notes
Turn   | Place    | Note
-------+----------+-------------------------------------------
     0 | D        | Conn the Octopode Fire Elementalist began the quest for the
                  | Orb.
     0 | D        | Reached XP level 1. HP: 11/11 MP: 3/3
     1 | D        | Noticed a necrophage
     1 | D        | Noticed a necrophage
     1 | D        | Noticed a necrophage
     1 | D        | Noticed a necrophage
     8 | D        | Killed a necrophage
     9 | D        | Reached skill level 6 in Fire Magic
     9 | D        | Reached XP level 2. HP: 14/17 MP: 0/6
     9 | D        | Reached XP level 3. HP: 17/21 MP: 0/8
     9 | D        | Reached XP level 4. HP: 22/27 MP: 0/9
    15 | D        | Killed a necrophage
    16 | D        | Reached skill level 5 in Stealth
    16 | D        | Reached skill level 7 in Fire Magic
    16 | D        | Reached XP level 5. HP: 11/31 MP: 0/11
    22 | D        | Reached skill level 1 in Unarmed Combat
    22 | D        | Reached skill level 8 in Fire Magic
    27 | D        | Reached skill level 5 in Spellcasting
    27 | D        | Reached skill level 9 in Fire Magic
    27 | D        | Reached XP level 6. HP: 8/36 MP: 1/13
    39 | D        | Learned a level 3 spell: Conjure Flame
    43 | D        | Learned a level 3 spell: Inner Flame
    48 | D        | Learned a level 4 spell: Flame Wave
    51 | D        | Learned a level 2 spell: Scorch
   282 | D        | Noticed a wyvern
   282 | D        | Noticed a wyvern
   291 | D        | Killed a wyvern
   292 | D        | Reached skill level 5 in Dodging
   292 | D        | Reached skill level 10 in Fire Magic
   296 | D        | Killed a wyvern
   297 | D        | Reached XP level 7. HP: 41/41 MP: 9/16
   323 | D        | Found a glowing golden altar of the Shining One.
   323 | D        | Found an ornate altar of the Wu Jian Council.
   324 | D        | Found a shimmering altar of Xom.
   324 | D        | Found a sacrificial altar of Ru.
   324 | D        | Found a stormy altar of Qazlal.
   325 | D        | Found a basalt altar of Yredelemnul.
   325 | D        | Found a shimmering blue altar of Sif Muna.
   325 | D        | Found a viscous altar of Jiyva.
   326 | D        | Found a glowing silver altar of Zin.
   326 | D        | Found a bloodstained altar of Trog.
   326 | D        | Found an ancient bone altar of Kikubaaqudgha.
   326 | D        | Found a hazy altar of Hepliaklqana.
   326 | D        | Found a snail-covered altar of Cheibriados.
   327 | D        | Found a hide-covered altar of Uskayaw.
   327 | D        | Found a corrupted altar of Lugonu.
   327 | D        | Found a shadowy altar of Dithmenos.
   328 | D        | Found a radiant altar of Vehumet.
   328 | D        | Found a burning altar of Makhleb.
   328 | D        | Found a white marble altar of Elyvilon.
   329 | D        | Found a sparkling altar of Nemelex Xobeh.
   329 | D        | Found a blossoming altar of Fedhas.
   330 | D        | Found an iron altar of Okawaru.
   330 | D        | Found an opulent altar of Gozag.
   331 | D        | Noticed a yaktaur
   331 | D        | Noticed a hornet
   331 | D        | Noticed a polar bear
   341 | D        | Became a worshipper of Sif Muna the Loreminder
   346 | D        | Noticed a polar bear
   347 | D        | Noticed a polar bear
   349 | D        | Killed a polar bear
   350 | D        | Reached skill level 11 in Fire Magic
   352 | D        | Killed a polar bear
   353 | D        | Reached XP level 8. HP: 17/46 MP: 0/19
   359 | D        | Noticed a flying skull
   359 | D        | Noticed a flying skull
   361 | D        | Killed a polar bear
   361 | D        | Reached * piety under Sif Muna
   362 | D        | Reached skill level 5 in Unarmed Combat
   366 | D        | Shot with a bolt by a yaktaur

Illustrated notes

Levels and vault maps discovered:
D:        the_violet_keep_of_menkaure [sprint2_stairs_cluster_1,
          sprint2_shoproom, sprint2_temple, sprint2_basic_supplies,
          sprint2_obstacle_1, sprint2_obstacle_4, sprint2_obstacle_3,
          sprint2_obstacle_7, sprint2_obstacle_5, sprint2_timed_cluster_1,
          sprint2_smallroom_cluster_1, sprint2_smallroom_final_cluster_1,
          sprint2_transparent_cluster_1, sprint2_second_timed_cluster_1,
          sprint2_sniper_area_1, sprint2_heavy_combat_area_1,
          sprint2_mutation_trap_area_1, sprint2_forest_area_1,
          sprint2_light_combat_area_1, sprint2_behind_water_1,
          sprint2_near_end_vault_1]

Skill      XL: |  1  2  3  4  5  6  7  8 |
---------------+-------------------------+-----
Dodging        | 3 4 5 6 |  6.4
Stealth        | 4 5 7 |  7.8
Spellcasting   | 3 4 5 6 7 |  7.7
Fire Magic     | 6 7 9 10 11 | 11.8
Unarmed Combat | 2 4 5 |  5.0
Conjurations   | 2 4 |  4.6
Invocations    | 3 4 |  4.2
Hexes          | |  0.8

Action                   |  1- 3 |  4- 6 |  7- 9 || total
-------------------------+-------+-------+-------++-------
Melee: Unarmed           |     1 |    17 |       ||    18
       Tentacles         |     1 |     2 |       ||     3
       Constrict         |     1 |     3 |       ||     4
 Cast: Foxfire           |     3 |     2 |     6 ||    11
       Scorch            |       |     7 |     3 ||    10
       Conjure Flame     |       |     1 |       ||     1
       Inner Flame       |       |       |     4 ||     4
       Flame Wave        |       |       |     1 ||     1
  Use: Potion            |     2 |     1 |     3 ||     6
       Scroll            |       |       |     1 ||     1
Dodge: Dodged            |       |     3 |    13 ||    16

Table legend: (Time is in decaauts)
 A = Elapsed time spent in this place.
 B = Non-inter-level travel time spent in this place.
 C = Inter-level travel time spent in this place.
 D = Time resting spent in this place.
 E = Time spent auto-exploring this place.
 F = Levels seen in this place.
 G = Mean time per level.
                   A        B        C        D        E       F      G
               +--------+--------+--------+--------+--------+-----+--------+
         Total |    355 |    355 |      0 |    222 |      0 |   1 |  355.0 |
       Dungeon |    355 |    355 |      0 |    222 |      0 |   1 |  355.0 |
               +--------+--------+--------+--------+--------+-----+--------+

Top non-repeatable levels by time:
       D: 355 daAuts
